 Dungeon Crawl Stone Soup version 0.30-a0-782-ge64f9170bb (webtiles) character file.

Game seed: 17978443142285485958

2427 triviadave the Cleaver (level 9, -10/66 (70) HPs)
             Began as a Hill Orc Berserker on Feb 19, 2023.
             Was a Believer of Trog.
             Mangled by a wight
             ... wielding a +0 flail
              (11 damage)
             ... on level 6 of the Dungeon.
             The game lasted 00:53:20 (6251 turns).

triviadave the Cleaver (Hill Orc Berserker)         Turns: 6251, Time: 00:53:20

HP:   -10/66 (70)   AC: 22    Str: 20    XL:     9   Next: 48%
MP:   9/9           EV:  8    Int:  9    God:    Trog [**....]
Gold: 287           SH:  0    Dex: 14    Spells: 8/8 levels left

rFire   + . .      SeeInvis .    g - +4 rapier of Ubes {flame, rCorr Int+2}
rCold   + . .      Faith    .    (no shield)
rNeg    . . .      Spirit   .    z - +0 plate armour
rPois   +          Reflect  .    l - +2 hat "Ytuxuet" {rPois rCorr Str-2 Dex+4}
rElec   .          Harm     .    y - scarf {rC+ rF+}
rCorr   +          Rampage  .    d - +2 pair of gloves
Will    +....      Clarity  +    (no boots) Stlth
                                 (no amulet)
HPRegen 0.31/turn                C - +4 ring of protection
MPRegen 0.11/turn                j - ring of willpower

@: about to teleport, drained
A: fangs 1, clarity, weak 1, sturdy frame 1
a: Renounce Religion, Berserk, Trog's Hand


You were on level 6 of the Dungeon.
You worshipped Trog.
Trog was pleased with you.
You visited 1 branch of the dungeon, and saw 7 of its levels.

You collected 339 gold pieces.
You spent 52 gold pieces at shops.

Inventory:

Hand Weapons
 a - a +0 hand axe
 g - the +4 rapier of Ubes (weapon) {flame, rCorr Int+2}
   (You found it on level 3 of the Dungeon)

   Int:       It affects your intelligence (+2).
   rCorr:     It protects you from acid and corrosion.
 t - a +0 war axe
 B - a +3 flail of protection
Missiles
 h - 7 poisoned darts (quivered)
 m - 64 stones
 n - 7 boomerangs
 w - 2 javelins
Armour
 d - a +2 pair of gloves (worn)
 l - the +2 hat "Ytuxuet" (worn) {rPois rCorr Str-2 Dex+4}
   (You acquired it on level 4 of the Dungeon)

   Str:       It affects your strength (-2).
   Dex:       It affects your dexterity (+4).
   rPois:     It protects you from poison.
   rCorr:     It protects you from acid and corrosion.
 y - a scarf of resistance (worn)
 z - a +0 plate armour (worn)
 D - +0 steam dragon scales
Jewellery
 i - a ring of positive energy
 j - a ring of willpower (right hand)
 C - a +4 ring of protection (left hand)
Wands
 c - a wand of flame (16)
Scrolls
 b - a scroll of magic mapping
 e - 7 scrolls of teleportation
 f - a scroll of fog
 k - a scroll of enchant weapon {unknown}
 s - a scroll of vulnerability {unknown}
 u - a scroll of immolation {unknown}
 v - a scroll of poison {unknown}
 x - a scroll of silence {unknown}
Potions
 o - 6 potions of lignification
 p - a potion of cancellation
 q - a potion of might


   Skills:
 - Level 3.6 Fighting
 * Level 7.1 Short Blades
 + Level 10.0 Axes
 + Level 7.0 Armour
 - Level 1.5 Dodging
 + Level 3.7 Evocations


You had 8 spell levels left.
You didn't know any spells.
Your spell library was empty.

Dungeon Overview and Level Annotations

Branches:
Dungeon (7/15)
 Temple: D:4-7

Altars:
Cheibriados
Dithmenos
Okawaru
Qazlal
Sif Muna
Vehumet
Wu Jian

Shops:
D:4 ((*

Annotations:
D:6 1 runed translucent door, Gnu's ghost, novice DsNe


Innate Abilities, Weirdness & Mutations

You have very sharp teeth.
You possess an exceptional clarity of mind.
You are weak. (Str -2)
Your movements are slightly less encumbered by armour. (ER -2)


Message History

You climb upwards.
Level annotation: 1 runed translucent door, Gnu's ghost, novice DsNe
There is a stone staircase leading down here.
You hit the wight but do no damage. The wight hits you with a +0 scimitar.
The wight hits you but does no damage. The wight closely misses you.
The black bear bites you. The black bear barely misses you. x2
You closely miss the wight. The wight closely misses you.
The wight hits you but does no damage.
You are electrocuted!
* * * LOW HITPOINT WARNING * * *
The wight hits you but does no damage. The black bear barely misses you.
The black bear claws you but does no damage. x2
You hit the wight. You burn the wight.
The wight is moderately damaged.
The wight hits you but does no damage. The wight closely misses you.
The wight hits you with a +0 flail.
* * * LOW HITPOINT WARNING * * *
You feel drained.
* * * LOW HITPOINT WARNING * * *
The black bear bites you but does no damage.
The black bear claws you but does no damage. x2
As you read the scroll of teleportation, it crumbles to dust.
You feel strangely unstable.
The wight hits you but does no damage. x3
The black bear bites you but does no damage.
The black bear claws you but does no damage. x2
The black bear attacks as you move away!
The black bear bites you but does no damage.
The black bear claws you but does no damage. x2
The black bear attacks as you move away!
The black bear bites you.
* * * LOW HITPOINT WARNING * * *
The black bear claws you but does no damage. x2
The wight attacks as you move away! The wight hits you but does no damage.
The wight attacks as you move away! The wight closely misses you.
The black bear attacks as you move away!
The black bear bites you but does no damage.
The black bear barely misses you. x2; The wight attacks as you move away!
The wight hits you but does no damage.
You are electrocuted!
* * * LOW HITPOINT WARNING * * *
The wight attacks as you move away! The wight hits you with a +0 flail!
You die...

..### ###............# ##..
....########....#################
................#...........#....
.#..............#.#########.#.###
##....##........#.....#.....#.†..
##....####......#####.#.#########
##...## ##......'.....#.....†....
#.....# #.......#################
#.....###.......@z....# #....#
......##.......hzz...## ##..##
..................>..# #..##
.....†..............## ##..#
..######............# #..#
######..............# ##..
.#.................## #..
....................## ##.
.......######..####..## ##..


You could see a black bear and 3 wights.

Vanquished Creatures
  Sigmund (D:5)
  Eustachio (D:4)
  A steam dragon (D:6)
  Edmund (D:6)
  A sky beast (D:6)
  Pargi (D:3)
  An orc warrior (D:6)
  2 black bears (D:6)
  2 ice beasts (D:5)
  An ogre (D:6)
  Blork the orc (D:6)
  A gnoll sergeant (D:5)
  A necrophage (D:4)
  A scorpion (D:5)
  6 killer bees (D:4)
  A hound (D:5)
  3 orc priests
  A jelly (D:6)
  Natasha (thrice) (D:3)
  Terence (D:3)
  8 orc wizards
  9 adders
  7 gnolls (D:5)
  A shadow imp (D:5)
  A worm (D:4)
  9 orcs
  4 ball pythons
  2 endoplasms
  4 giant cockroaches
  2 goblins
  5 hobgoblins
  5 kobolds
  A quokka (D:1)
  2 bats (D:1)
  3 frilled lizards
  2 rats
96 creatures vanquished.

Vanquished Creatures (others)
  A plant (D:1)
  2 withered plants (D:6)
3 creatures vanquished.

Grand Total: 99 creatures vanquished

Notes
Turn   | Place    | Note
-------+----------+-------------------------------------------
     0 | D:1      | triviadave the Hill Orc Berserker began the quest for the
                  | Orb.
     0 | D:1      | Reached XP level 1. HP: 19/19 MP: 1/1
   243 | D:1      | Found a faded altar of an unknown god.
   283 | D:1      | Reached XP level 2. HP: 26/26 MP: 2/2
  1384 | D:2      | Reached skill level 5 in Axes
  1531 | D:3      | Found an ornate altar of the Wu Jian Council.
  1550 | D:3      | Reached XP level 3. HP: 31/31 MP: 3/3
  1602 | D:3      | Noticed Natasha
  1624 | D:3      | Killed Natasha
  1625 | D:3      | Reached skill level 6 in Axes
  1625 | D:3      | Reached XP level 4. HP: 13/39 MP: 4/4
  1749 | D:3      | Noticed Natasha
  1756 | D:3      | Killed Natasha
  1769 | D:3      | Noticed Natasha
  1779 | D:3      | Killed Natasha
  1780 | D:3      | Reached XP level 5. HP: 19/45 MP: 5/5
  1889 | D:3      | Noticed Pargi
  1907 | D:3      | Killed Pargi
  1908 | D:3      | Reached skill level 7 in Axes
  1984 | D:3      | Reached XP level 6. HP: 43/51 MP: 6/6
  2021 | D:3      | Identified the +4 rapier of Ubes {flame, rCorr Int+2}
  2168 | D:3      | Noticed Terence
  2178 | D:3      | Killed Terence
  2188 | D:3      | Reached ** piety under Trog
  2347 | D:4      | Found a stormy altar of Qazlal.
  2381 | D:4      | Reached skill level 1 in Short Blades
  2389 | D:4      | Found Haxam's General Store.
  2393 | D:4      | Noticed Eustachio
  2523 | D:4      | Killed Eustachio
  2524 | D:4      | Reached XP level 7. HP: 38/57 MP: 7/7
  2628 | D:4      | Found Bamimientu's Weapon Emporium.
  2697 | D:4      | Reached skill level 8 in Axes
  2703 | D:4      | Bought a scroll of identify for 26 gold pieces
  2703 | D:4      | Bought a scroll of identify for 26 gold pieces
  2713 | D:4      | Identified a scroll of acquirement
  2714 | D:4      | Acquired the +2 hat "Ytuxuet" {rPois rCorr Str-2 Dex+4}
  2872 | D:4      | Reached skill level 5 in Armour
  2898 | D:4      | HP: 2/57 [killer bee (5)]
  3075 | D:4      | Found a radiant altar of Vehumet.
  3143 | D:4      | Found Itwobu's Weapon Emporium.
  3317 | D:5      | Entered Level 5 of the Dungeon
  3397 | D:5      | Reached XP level 8. HP: 58/64 MP: 8/8
  3601 | D:5      | Reached skill level 1 in Evocations
  3683 | D:5      | Found a shadowy altar of Dithmenos.
  3728 | D:5      | Noticed Sigmund
  3738 | D:5      | Killed Sigmund
  3739 | D:5      | Reached skill level 5 in Short Blades
  3877 | D:5      | Reached skill level 9 in Axes
  3896 | D:5      | Found an iron altar of Okawaru.
  4481 | D:6      | Found a shimmering blue altar of Sif Muna.
  4538 | D:6      | Noticed Blork the orc
  4575 | D:6      | Killed Blork the orc
  4672 | D:6      | Found a runed translucent door.
  4672 | D:6      | Noticed Gnu's ghost (novice DsNe)
  4719 | D:6      | Reached XP level 9. HP: 35/70 MP: 9/9
  5469 | D:6      | Noticed Edmund
  5522 | D:6      | Killed Edmund
  5968 | D:6      | Found a snail-covered altar of Cheibriados.
  6193 | D:6      | Reached skill level 10 in Axes
  6232 | D:6      | Gained mutation: You are weak. (Str -2) [potion of
                  | mutation]
  6232 | D:6      | Gained mutation: You possess an exceptional clarity of
                  | mind. [potion of mutation]
  6232 | D:6      | Gained mutation: Armour fits poorly on your strangely
                  | shaped body. [potion of mutation]
  6232 | D:6      | Gained mutation: You expend magic power (3 MP) to
                  | strengthen your wands. [potion of mutation]
  6233 | D:6      | Lost mutation: Armour fits poorly on your strangely shaped
                  | body. [potion of mutation]
  6233 | D:6      | Lost mutation: You expend magic power (3 MP) to strengthen
                  | your wands. [potion of mutation]
  6233 | D:6      | Gained mutation: Your movements are slightly less
                  | encumbered by armour. (ER -2) [potion of mutation]
  6233 | D:6      | Gained mutation: You have very sharp teeth. [potion of
                  | mutation]
  6251 | D:6      | HP: 1/66 [wight/+0 battleaxe of electrocution (8)]
  6251 | D:6      | Mangled by a wight

Illustrated notes

Levels and vault maps discovered:
D:1:      minmay_arrival_plants_in_alcoves, layout_basic, serial_forest,
          infiniplex_forest_end_2, infiniplex_forest_corner_2,
          infiniplex_forest_end_double, infiniplex_forest_straight_2,
          infiniplex_forest_3_way, infiniplex_forest_lined_4_way,
          infiniplex_forest_clump_small, chequers_ecumenical_altar_simple_redux,
          minmay_tree_intersection
D:2:      layout_rooms, chequers_serial_rivers_marsh
D:3:      layout_rooms, overflow_temple_1_default, small_statue_intersection,
          dk_noncrumbling_4, uniq_terence, uniq_pargi, uniq_natasha
D:4:      layout_cave_pools, old_standard_altar, grunt_qazlal_clouds,
          serial_shops, shop, nicolae_take_the_stairs,
          nicolae_shop_hallway_stairs, uniq_eustachio
D:5:      layout_loops_ring, lemuel_crystal_altar, okawaru_altar_gauntlet_db,
          nrook_mini_backslash, uniq_sigmund
D:6:      layout_layer_cave, mainiacjoe_overflow_catch_the_wave,
          gammafunk_ghost_grave, roderic_serpentine_path, uniq_edmund,
          uniq_blork_the_orc
D:7:      layout_rooms, mainiacjoe_overflow_catwalk, minmay_temple_entry_arrows,
          minmay_fountain_box

Skill      XL: |  1  2  3  4  5  6  7  8  9 |
---------------+----------------------------+-----
Axes           | 5 6 7 8 9 10 | 10.0
Armour         | 3 4 5 6 7 |  7.0
Short Blades   | 2 4 6 7 |  7.1
Evocations     | 2 3 |  3.7
Fighting       | |  3.6
Dodging        | |  1.5

Action                     |  1- 3 |  4- 6 |  7- 9 || total
---------------------------+-------+-------+-------++-------
  Melee: Hand axe          |    88 |    33 |       ||   121
         Rapier            |       |    40 |   300 ||   340
         Punch             |       |       |     1 ||     1
  Throw: Dart              |       |    17 |    15 ||    32
 Invoke: Trog's Hand       |       |       |     1 ||     1
    Use: Scroll            |     3 |     1 |     8 ||    12
         Potion            |     1 |       |     9 ||    10
   Stab: Sleeping          |     2 |       |       ||     2
 Armour: Animal skin       |    21 |       |       ||    21
         Leather armour    |     7 |       |       ||     7
         Chain mail        |    13 |    87 |   185 ||   285
         Plate armour      |       |       |    97 ||    97
  Dodge: Dodged            |    31 |    44 |   190 ||   265

Table legend: (Time is in decaauts)
 A = Elapsed time spent in this place.
 B = Non-inter-level travel time spent in this place.
 C = Inter-level travel time spent in this place.
 D = Time resting spent in this place.
 E = Time spent auto-exploring this place.
 F = Levels seen in this place.
 G = Mean time per level.
                   A        B        C        D        E       F      G
               +--------+--------+--------+--------+--------+-----+--------+
         Total |   6230 |   6200 |     30 |   1057 |   1325 |   7 |  890.0 |
       Dungeon |   6230 |   6200 |     30 |   1057 |   1325 |   7 |  890.0 |
               +--------+--------+--------+--------+--------+-----+--------+

Top non-repeatable levels by time:
     D:6: 1797 daAuts
     D:5: 1103 daAuts
     D:1: 952 daAuts
     D:3: 938 daAuts
     D:4: 906 daAuts
     D:2: 527 daAuts
     D:7: 4 daAuts
